AoeStats
← FC_M@sTer

Arena

509561273Analyzed
4v4 RM · 6d ago on Sep 27, 2026· 79m 18s· 8 players
Game mode
Random Map
Map size
Large (8 player)
Population
200
Speed
Normal
Resources
Standard
Victory
Conquest
Starting age
Dark Age
Ending age
Imperial Age
RankedLock teamsTeams togetherTeam positionsShared explorationLock speedFull tech treeHidden civsTurbo modeCheats
Victory
Defeat
🇨🇴 Goths · Colombia
1368
+8
🇨🇴 Bohemians · Colombia
1136
+17
🇨🇴 Burgundians · Colombia
1000
+23
🇲🇽 Varangians · Mexico
934
+25
🇦🇺 Khmer · Australia
1169
-19
🇦🇺 Franks · Australia
1168
-19
🇦🇺 Slavs · Australia
1162
-18
🇫🇷 Bohemians · France
1118
-17
LuisLh14
11:18 Feudal Age
11:34 Loom
14:42 Castle Age
13:57 Double-Bit Axe
16:12 Forging
15:31 Pikeman
20:57 Scale Mail Armor
22:57 Wheelbarrow
24:21 Chain Mail Armor
24:41 Iron Casting
29:58 Bow Saw
35:28 Imperial Age
33:40 Gold Mining
35:15 Scale Barding Armor
36:32 Conscription
37:40 Chain Barding Armor
40:56 Chemistry
40:15 Halberdier
41:28 Plate Mail Armor
41:44 Fortified Wall
42:07 Squires
43:37 Vendel Legacy
46:04 Blast Furnace
45:39 Plate Barding Armor
46:32 Hand Cart
48:21 Bloodlines
47:35 Light Cavalry
48:15 Fletching
48:10 Treadmill Crane
48:43 Elite Jarl
49:17 Town Watch
49:21 Hussar
50:19 Husbandry
50:42 Town Patrol
50:32 Arson
54:36 Two-Man Saw
53:35 Horse Collar
56:57 Cavalier
74:04 Masonry
74:00 Siege Engineers
FC_CamShaca
11:03 Feudal Age
11:29 Town Watch
15:19 Castle Age
13:53 Double-Bit Axe
17:30 Horse Collar
18:09 Fervor
18:20 Bow Saw
20:37 Fletching
21:25 Heavy Plow
22:16 Loom
22:12 Crossbowman
22:18 Elite Skirmisher
23:10 Bodkin Arrow
23:58 Padded Archer Armor
25:47 Chemistry
28:45 Imperial Age
28:31 Wheelbarrow
28:57 Arbalester
29:39 Bracer
32:09 Two-Man Saw
34:13 Leather Archer Armor
35:16 Siege Engineers
36:29 Murder Holes
37:01 Pikeman
37:43 Scale Mail Armor
38:10 Halberdier
38:54 Squires
39:12 Chain Mail Armor
38:38 Houfnice
45:01 Ring Archer Armor
45:06 Plate Mail Armor
49:58 Hand Cart
49:46 Town Patrol
67:41 Conscription
68:13 Caravan
FC_Satuplese
13:32 Feudal Age
17:33 Castle Age
16:41 Double-Bit Axe
16:39 Horse Collar
16:54 Gold Mining
17:32 Bow Saw
19:41 Town Watch
20:34 Wheelbarrow
19:44 Loom
24:28 Hand Cart
24:27 Town Patrol
26:46 Gold Shaft Mining
28:12 Husbandry
27:33 Cavalier
28:38 Scale Barding Armor
28:43 Forging
31:45 Imperial Age
29:29 Stone Mining
30:42 Two-Man Saw
31:00 Heavy Plow
31:41 Stone Shaft Mining
32:39 Paladin
34:43 Iron Casting
34:58 Sanctity
34:46 Light Cavalry
37:27 Hussar
38:36 Onager
39:46 Chain Barding Armor
40:27 Blast Furnace
40:56 Guilds
41:54 Conscription
42:09 Hoardings
45:01 Crop Rotation
50:00 Chemistry
59:53 Crossbowman
65:57 Elite Skirmisher
69:21 Conscription
FC_M@sTer
9:54 Loom
11:40 Feudal Age
12:40 Double-Bit Axe
12:52 Town Watch
15:32 Castle Age
13:20 Horse Collar
14:10 Stone Mining
20:01 Anarchy
20:40 Scale Mail Armor
22:48 Squires
24:45 Forging
25:10 Pikeman
33:22 Imperial Age
33:29 Imperial Age
31:37 Wheelbarrow
31:39 Fletching
33:53 Iron Casting
34:20 Chain Mail Armor
34:36 Conscription
33:50 Halberdier
35:58 Blast Furnace
35:41 Gold Mining
36:03 Perfusion
36:25 Conscription
36:16 Bodkin Arrow
39:17 Hand Cart
40:17 Chemistry
41:09 Heavy Plow
42:56 Town Patrol
43:09 Bow Saw
43:25 Ballistics
46:11 Elite Huskarl
52:40 Onager
55:10 Masonry
79:25 Crop Rotation
78:29 Capped Ram
c r v w l e y
11:50 Feudal Age
14:35 Castle Age
12:37 Double-Bit Axe
12:50 Horse Collar
16:14 Bow Saw
18:56 Heavy Plow
20:21 Wheelbarrow
21:29 Hand Cart
21:42 Gold Mining
23:24 Stone Mining
27:27 Imperial Age
26:07 Gold Shaft Mining
26:07 Scale Barding Armor
26:05 Light Cavalry
26:55 Bloodlines
26:46 Husbandry
27:18 Chain Barding Armor
28:10 Stone Shaft Mining
27:41 Hussar
29:00 Plate Barding Armor
28:48 Loom
28:49 Town Watch
29:49 Ballistics
30:30 Chemistry
30:32 Conscription
30:08 Heavy Scorpion
31:52 Double Crossbow
32:59 Forging
33:59 Siege Engineers
34:53 Fletching
35:40 Iron Casting
41:48 Blast Furnace
40:39 Fletching
48:58 Bodkin Arrow
73:31 Fortified Wall
73:34 Masonry
Mr. Takoyaki-san
11:00 Feudal Age
14:43 Castle Age
12:42 Double-Bit Axe
15:50 Wheelbarrow
27:30 Hand Cart
32:58 Imperial Age
33:49 Cavalier
34:29 Husbandry
34:59 Devotion
35:35 Fortified Wall
36:02 Scale Barding Armor
36:07 Forging
36:20 Faith
35:58 Paladin
36:39 Light Cavalry
45:22 Man-at-Arms
46:20 Arson
46:14 Long Swordsman
46:57 Murder Holes
46:43 Treadmill Crane
47:09 Squires
46:58 Two-Handed Swordsman
49:20 Scale Mail Armor
50:03 Iron Casting
51:54 Caravan
66:10 Blast Furnace
75:30 Pikeman
78:47 Halberdier
Thorfinn
10:56 Feudal Age
14:26 Castle Age
12:25 Double-Bit Axe
15:39 Bow Saw
18:41 Horse Collar
23:24 Heavy Plow
24:11 Fortified Wall
26:01 Wheelbarrow
26:12 Town Watch
26:13 Loom
26:43 Masonry
27:57 Hand Cart
32:23 Imperial Age
31:10 Chemistry
31:07 Town Patrol
32:33 Houfnice
33:48 Siege Engineers
33:22 Houfnice
36:59 Pikeman
37:41 Squires
38:23 Halberdier
39:26 Scale Mail Armor
39:37 Forging
39:16 Arson
40:26 Chain Mail Armor
40:53 Iron Casting
43:32 Wagenburg Tactics
43:48 Conscription
47:34 Plate Mail Armor
48:05 Blast Furnace
53:49 Man-at-Arms
54:12 Elite Hussite Wagon
59:18 Hussite Reforms
74:19 Caravan
79:38 Redemption
ants
11:13 Feudal Age
15:46 Castle Age
27:41 Detinets
32:03 Imperial Age
34:22 Conscription
34:06 Pikeman
Connection lost

Rejoining the realm…

Still unreachable

The connection could not be restored.

Session expired

The server has moved on; the page needs a fresh start.